 Dungeon Crawl Stone Soup version 0.32-a0-768-g0f6f1dd4b9 (webtiles) character file.

Game seed: 2144727134928078383

271 Alarak the Chopper (level 6, -4/51 HPs)
             Began as a Mountain Dwarf Fighter on Mar 18, 2024.
             Was an Initiate of Yredelemnul.
             Killed by divine providence
             ... invoked by an orc priest
              (9 damage)
             ... on level 4 of the Dungeon.
             The game lasted 00:09:15 (2585 turns).

Alarak the Chopper (Mountain Dwarf Fighter)         Turns: 2585, Time: 00:09:15

Health: -4/51      AC:  7    Str: 21    XL:     6   Next: 2%
Magic:  0/6        EV:  8    Int:  8    God:    Yredelemnul [......]
Gold:   145        SH:  4    Dex:  9    Spells: 5/5 levels left

rFire   . . .        a - +1 war axe
rCold   . . .        c - +0 buckler
rNeg    . . .        b - +1 scale mail
rPois   .            (no helmet)
rElec   .            (no cloak)
rCorr   .            (no gloves)
SInv    .            (no boots)
Will    .....        j - amulet of guardian spirit Stlth
                     (no ring)
HPRegen 0.28/turn    (no ring)
MPRegen 0.10/turn

%: guardian spirit
@: hasted, wreathed by umbra, very quick
A: runic magic, artefact enchanting
a: Renounce Religion, Light the Black Torch, Recall Undead Harvest


You were on level 4 of the Dungeon.
You worshipped Yredelemnul.
Yredelemnul was noncommittal.
You visited 1 branch of the dungeon, and saw 4 of its levels.

You collected 145 gold pieces.

Inventory:

Hand Weapons
 a - a +1 war axe (weapon)
Missiles
 g - 6 poisoned darts (quivered)
Armour
 b - a +1 scale mail (worn)
 c - a +0 buckler (worn)
Jewellery
 j - an amulet of guardian spirit (around neck)
 t - a ring of positive energy
Scrolls
 f - a scroll of silence
 o - 2 scrolls of enchant armour
 u - a scroll of fear
Potions
 d - a potion of might
 e - 5 potions of lignification
 h - a potion of enlightenment
 m - a potion of degeneration
 r - a potion of cancellation {unknown}
 s - a potion of brilliance {unknown}


   Skills:
 - Level 3.2 Fighting
 + Level 7.7 Axes
 - Level 3.2 Armour
 - Level 3.2 Shields


You had 5 spell levels left.
You didn't know any spells.
Your spell library was empty.

Dungeon Overview and Level Annotations

Branches:
Dungeon (4/15)
 Temple: D:4-7

Altars:
Kikubaaqudgha
Okawaru
Yredelemnul

Shops:
D:3 (


Innate Abilities, Weirdness & Mutations

Your spellcasting is much less encumbered by armour.
You can use scrolls of enchantment on lesser artefacts.


Message History

The orc dies!
Their soul becomes fuel for the torch.
Your hound zombie bites the orc warrior but does no damage.
The orc priest casts a cantrip, but nothing happens.
The orc warrior barely misses your hound zombie.
Your hound zombie bites the orc warrior but does no damage.
Your hound zombie bites the orc warrior but does no damage.
The orc warrior hits your hound zombie with a +0 trident!
Your hound zombie is destroyed!
You feel much better.
You feel yourself speed up. You block the orc warrior's attack.
Your hobgoblin zombie barely misses the orc warrior.
Your endoplasm zombie completely misses the orc warrior.
The orc warrior hits you from afar with a +0 trident.
Your hobgoblin zombie misses the orc warrior.
Your endoplasm zombie hits the orc warrior but does no damage.
The orc warrior hits your endoplasm zombie with a +0 trident.
You completely miss the orc warrior.
Your hobgoblin zombie hits the orc warrior but does no damage.
The orc priest calls down the wrath of Beogh upon you.
Beogh smites you!
* * * LOW HITPOINT WARNING * * *
Your endoplasm zombie hits the orc warrior but does no damage.
The orc warrior hits you with a +0 trident.
* * * LOW HITPOINT WARNING * * *
Unknown command.
You barely miss the orc warrior.
Your hobgoblin zombie hits the orc warrior but does no damage.
You barely miss the orc warrior.
The orc warrior hits you with a +0 trident!
* * * LOW HITPOINT WARNING * * *
Your endoplasm zombie closely misses the orc warrior.
Unknown command.
Okay, then.
You hit the orc warrior.
The orc warrior is lightly wounded.
The orc priest calls down the wrath of Beogh upon you.
Beogh smites you!
You die...
Your body rises from the dead as a mindless zombie.

#.# #.#####.# ####
#.# #.......# ...
#.# #######.#
##.##.# #.#
###...#.# #Z#
....#...## #Z#
###......#########<#
...........[.......#
####.#..@###########
##.Zoo>......
#.Z########. ###
#..# #.. ........#
#.# #####.#.# #Z#
#.#.# #Z# #.#.# #.#
#.#.# #.#


You could see an orc warrior (ally target), an orc priest, a friendly endoplasm
zombie and a friendly hobgoblin zombie.

Vanquished Creatures
  A bombardier beetle (D:3)
  2 orc priests (D:3)
  A hound (D:4)
  4 adders
  A gnoll (D:1)
  3 ribbon worms
  An orc (D:3)
  10 ball pythons
  A bat (D:1)
  11 endoplasms
  2 giant cockroaches
  5 goblins
  10 hobgoblins
  4 jackals (D:3)
  A quokka (D:1)
  3 frilled lizards
  12 kobolds
  6 rats
78 creatures vanquished.

Vanquished Creatures (collateral kills)
  2 orcs
2 creatures vanquished.

Vanquished Creatures (others)
  An orc wizard (D:3)
  A hound zombie (D:4)
2 creatures vanquished.

Grand Total: 82 creatures vanquished

Notes
Turn   | Place    | Note
-------+----------+-------------------------------------------
     0 | D:1      | Alarak the Mountain Dwarf Fighter began the quest for the
                  | Orb.
     0 | D:1      | Reached XP level 1. HP: 19/19 MP: 1/1
    55 | D:1      | Reached skill level 3 in Axes
   141 | D:1      | Reached XP level 2. HP: 26/26 MP: 2/2
   467 | D:1      | Reached skill level 4 in Axes
   474 | D:1      | Reached XP level 3. HP: 13/31 MP: 3/3
   964 | D:2      | Reached skill level 5 in Axes
  1139 | D:2      | Found a faded altar of an unknown god.
  1159 | D:2      | Reached XP level 4. HP: 37/38 MP: 2/4
  1604 | D:3      | Found an ancient bone altar of Kikubaaqudgha.
  1635 | D:3      | Reached skill level 6 in Axes
  1635 | D:3      | Found a basalt altar of Yredelemnul.
  1739 | D:3      | Became a worshipper of Yredelemnul the Fallen
  1817 | D:3      | Reached XP level 5. HP: 19/45 MP: 2/5
  1978 | D:3      | Reached skill level 7 in Axes
  2263 | D:3      | Found Yrayral's Antique Weapon Shop.
  2433 | D:4      | Reached XP level 6. HP: 48/51 MP: 6/6
  2500 | D:4      | Found an iron altar of Okawaru.
  2561 | D:4      | Noticed an orc warrior
  2585 | D:4      | Killed from afar by an orc priest

Illustrated notes

Levels and vault maps discovered:
D:1:      minmay_arrival_diagonal_passages, layout_basic, minmay_statues_item
D:2:      layout_rooms, ebering_ecumenical_altar_webs
D:3:      layout_rooms, mainiacjoe_overflow_boulevard,
          mainiacjoe_overflow_brackets, serial_shops, shop, bh_walls_and_bars
D:4:      layout_loops_ring, general_overflow_altar,
          eino_small_chamber_without_monster, saegor_snake_ambush, uniq_duvessa

Skill      XL: |  1  2  3  4  5 |
---------------+----------------+-----
Axes           | 3 4 5 6 7 |  7.7
Fighting       | |  3.2
Armour         | |  3.2
Shields        | |  3.2

Action                     |  1- 3 |  4- 6 || total
---------------------------+-------+-------++-------
  Melee: War axe           |    99 |    88 ||   187
 Invoke: Light the Black T |       |     2 ||     2
         Recall Undead Har |       |     2 ||     2
    Use: Scroll            |     1 |    10 ||    11
         Potion            |       |     3 ||     3
 Armour: Scale mail        |    69 |    63 ||   132
  Dodge: Dodged            |    39 |    38 ||    77
  Block: Buckler           |    19 |    19 ||    38

Table legend: (Time is in decaauts)
 A = Elapsed time spent in this place.
 B = Non-inter-level travel time spent in this place.
 C = Inter-level travel time spent in this place.
 D = Time resting spent in this place.
 E = Time spent auto-exploring this place.
 F = Levels seen in this place.
 G = Mean time per level.
                   A        B        C        D        E       F      G
               +--------+--------+--------+--------+--------+-----+--------+
         Total |   2634 |   2488 |    146 |     75 |   1881 |   4 |  658.5 |
       Dungeon |   2634 |   2488 |    146 |     75 |   1881 |   4 |  658.5 |
               +--------+--------+--------+--------+--------+-----+--------+

Top non-repeatable levels by time:
     D:1: 986 daAuts
     D:3: 807 daAuts
     D:2: 656 daAuts
     D:4: 184 daAuts
